 Dungeon Crawl Stone Soup version 0.32-a0-18-g89e19f1974 (webtiles) character file.

Game seed: 12764454391346487344

168 zenocrate the Sneak (level 5, -2/24 HPs)
             Began as a Vine Stalker Enchanter on Jan 16, 2024.
             Splashed by a jelly's acid (3 damage)
             ... on level 4 of the Dungeon.
             The game lasted 00:02:54 (2798 turns).

zenocrate the Sneak (Vine Stalker Enchanter)        Turns: 2798, Time: 00:02:54

Health: -2/24      AC: -1    Str: 17    XL:     5   Next: 49%
Magic:  0/9        EV: 13    Int: 15    God:
Gold:   141        SH:  0    Dex: 22    Spells: 0/8 levels left

rFire   . . .        a - +1 dagger
rCold   . . .        (no shield)
rNeg    . . .        b - +0 robe
rPois   .            (no helmet)
rElec   .            (no cloak)
rCorr   .            (no gloves)
SInv    .            s - +0 pair of boots
Will    .....        (no amulet)
Stlth   +++          f - +6 ring of dexterity
HPRegen 1.04/turn    l - +6 ring of strength
MPRegen 0.11/turn

%: guardian spirit
@: corroded
A: fangs 2, regeneration 1, magic shield, antimagic bite, no potion heal 2
a: no special abilities


You were on level 4 of the Dungeon.
You visited 1 branch of the dungeon, and saw 4 of its levels.

You collected 141 gold pieces.

Inventory:

Hand Weapons
 a - a +1 dagger (weapon)
Missiles
 j - 7 poisoned darts (quivered)
Armour
 b - a +0 robe (worn)
 s - a +0 pair of boots (worn)
Jewellery
 f - a +6 ring of dexterity (left hand)
 l - a +6 ring of strength (right hand)
Wands
 t - a wand of digging (7)
Scrolls
 e - 2 scrolls of identify {unknown}
 g - a scroll of noise {unknown}
 h - a scroll of immolation
 i - a scroll of poison {unknown}
 n - 2 scrolls of teleportation {unknown}
 p - a scroll of blinking {unknown}
 q - a scroll of amnesia {unknown}
Potions
 c - 3 potions of invisibility
 d - a potion of heal wounds {unknown}
 k - a potion of might {unknown}
 m - a potion of curing {unknown}
 o - a potion of lignification {unknown}
 r - a potion of degeneration {unknown}
 u - a potion of ambrosia {unknown}


   Skills:
 * Level 2.7 Short Blades
 + Level 2.4 Dodging
 + Level 4.6 Stealth
 - Level 2.1 Spellcasting
 + Level 3.5 Hexes
 + Level 1.4 Ice Magic


You couldn't memorise any spells.
You knew the following spells:

 Your Spells              Type           Power      Damage    Failure   Level
a - Ensorcelled Hibernat  Hex/Ice        18%        N/A       12%         2
b - Confusing Touch       Hex            12%        N/A       16%         3
c - Tukima's Dance        Hex            12%        N/A       16%         3

Your spell library contained the following spells:

 Spells                   Type           Power      Damage    Failure   Level
 Slow                     Hex            48%        N/A       4%          1
 Sigil of Binding         Hex            12%        N/A       16%         3
 Magic Dart               Conj           4%         1d3       22%         1
 Dazzling Flash           Conj/Hex       14%        N/A       30%         3
 Searing Ray              Conj           2%         2d4       32%         2
 Vampiric Draining        Necr           1%         2d6       54%         3
 Fulminant Prism          Conj/Alch      0%         3d5       91%         4


Dungeon Overview and Level Annotations

Branches:
Dungeon (4/15)
 Temple: D:4-7

Altars:

Annotations:
D:3 1 runed translucent door, MichKnight's ghost, amateur DrBe


Innate Abilities, Weirdness & Mutations

You have extremely sharp teeth.
Your natural rate of healing is unusually fast.
When hurt, damage is shared between your health and your magic reserves.
Your bite disrupts and absorbs the magic of your enemies.
Potions cannot restore your health.


Message History

The jelly barely misses you.
Casting: Ensorcelled Hibernation (safe; 12% risk of failure)
Confirm with . or Enter, or press ? or * to list all spells.
Aiming: Ensorcelled Hibernation (safe; 12% risk of failure)
Press: ? - help, Shift-Dir - straight line, f/p - jelly
Aim: a jelly (heavily wounded, chance to affect: 51%)
The jelly resists with significant effort.
The jelly hits you but does no damage.
Casting: Ensorcelled Hibernation (safe; 12% risk of failure)
Confirm with . or Enter, or press ? or * to list all spells.
Aiming: Ensorcelled Hibernation (safe; 12% risk of failure)
Press: ? - help, Shift-Dir - straight line, f/p - jelly
Aim: a jelly (heavily wounded, chance to affect: 51%)
The jelly resists with significant effort.
The jelly hits you. The acid corrodes you!
You are splashed with acid!
Ouch! That really hurt!
* * * LOW HITPOINT WARNING * * *
Okay, then.
Casting: Ensorcelled Hibernation (safe; 12% risk of failure)
Confirm with . or Enter, or press ? or * to list all spells.
You don't have enough magic to cast this spell.
Unknown command.
You hit the jelly but do no damage.
Your hands burn!
* * * LOW HITPOINT WARNING * * *
You bite the jelly. You drain its power.
You feel invigorated.
The jelly is severely wounded.
The jelly completely misses you.
Unknown command.
Casting: Ensorcelled Hibernation (safe; 12% risk of failure)
Confirm with . or Enter, or press ? or * to list all spells.
Aiming: Ensorcelled Hibernation (safe; 12% risk of failure)
Press: ? - help, Shift-Dir - straight line, f/p - jelly
Aim: a jelly (severely wounded, chance to affect: 51%)
The jelly resists with significant effort.
The jelly hits you.
* * * LOW HITPOINT WARNING * * *
You are splashed with acid!
* * * LOW HITPOINT WARNING * * *
You hit the jelly.
Your hands burn!
You die...

##.##).## #. ###
###.####.###.
##.####...#
##....
##........##
#....
.######...#######
###..##
.........##
###...##
..####...#
#...###
##..###### #..##
#..@J...#
##.######
#.........#
#......#
#..######$#
#...#### #.##
##### #.. ....
###..


You could see a jelly.

Vanquished Creatures
  A hound (D:3)
  5 adders
  A dart slug (D:1)
  5 ribbon worms
  3 orcs (D:3)
  9 bats
  7 endoplasms
  A giant cockroach (D:3)
  6 goblins
  7 hobgoblins
  8 kobolds
  4 quokkas
  8 ball pythons
  4 frilled lizards
  7 rats
76 creatures vanquished.

Notes
Turn   | Place    | Note
-------+----------+-------------------------------------------
     0 | D:1      | zenocrate the Vine Stalker Enchanter began the quest for
                  | the Orb.
     0 | D:1      | Reached XP level 1. HP: 9/9 MP: 4/4
    76 | D:1      | Reached skill level 1 in Short Blades
    86 | D:1      | Reached XP level 2. HP: 13/13 MP: 6/6
    96 | D:1      | Learned a level 2 spell: Ensorcelled Hibernation
   790 | D:2      | Reached skill level 4 in Stealth
   810 | D:2      | Reached XP level 3. HP: 16/16 MP: 7/7
  1240 | D:2      | Reached XP level 4. HP: 20/21 MP: 5/8
  1244 | D:2      | Learned a level 3 spell: Confusing Touch
  1587 | D:3      | Reached skill level 1 in Ice Magic
  1956 | D:3      | Found a runed translucent door.
  1961 | D:3      | Noticed MichKnight's ghost (amateur DrBe)
  2199 | D:3      | Reached XP level 5. HP: 24/24 MP: 9/9
  2714 | D:3      | Learned a level 3 spell: Tukima's Dance
  2797 | D:4      | HP: 1/24 [acid (5)]
  2798 | D:4      | Splashed by a jelly's acid

Illustrated notes

Levels and vault maps discovered:
D:1:      lemuel_arrival_lava_pool, layout_loops_ring, minmay_misc_feat_iff
D:2:      layout_loops_cross, solitary_fountain
D:3:      minmay_razor_zed, layout_basic, ebering_ghost_inner_flame
D:4:      layout_layer_cave, hangedman_feature_mirror, minmay_fire_ice_demons

Skill      XL: |  1  2  3  4 |
---------------+-------------+-----
Short Blades   | 1 2 |  2.7
Stealth        | 4 |  4.6
Dodging        | 2 |  2.4
Ice Magic      | 1 |  1.4
Spellcasting   | |  2.1
Hexes          | |  3.5

Action                     |  1- 3 |  4- 6 || total
---------------------------+-------+-------++-------
  Melee: Dagger            |    67 |    78 ||   145
         Bite              |    16 |     9 ||    25
         Punch             |     1 |     1 ||     2
   Cast: Ensorcelled Hiber |    11 |    24 ||    35
         Confusing Touch   |       |     1 ||     1
   Stab: Sleeping          |    17 |    23 ||    40
         Confused          |       |     1 ||     1
 Armour: Robe              |    23 |    34 ||    57
  Dodge: Dodged            |    29 |    41 ||    70

Table legend: (Time is in decaauts)
 A = Elapsed time spent in this place.
 B = Non-inter-level travel time spent in this place.
 C = Inter-level travel time spent in this place.
 D = Time resting spent in this place.
 E = Time spent auto-exploring this place.
 F = Levels seen in this place.
 G = Mean time per level.
                   A        B        C        D        E       F      G
               +--------+--------+--------+--------+--------+-----+--------+
         Total |   2783 |   2685 |     98 |      0 |   2177 |   4 |  695.8 |
       Dungeon |   2783 |   2685 |     98 |      0 |   2177 |   4 |  695.8 |
               +--------+--------+--------+--------+--------+-----+--------+

Top non-repeatable levels by time:
     D:3: 1125 daAuts
     D:2: 810 daAuts
     D:1: 764 daAuts
     D:4: 82 daAuts
